 Dungeon Crawl Stone Soup version 0.26-a0-50-gc4d14cd842 (webtiles) character file.

Game seed: 3794427891819003640

18223 vurker the Zephyrmancer (level 12, -13/73 HPs)
             Began as a Tengu Air Elementalist on June 4, 2020.
             Was an Elder of Vehumet.
             Mangled by a cyan ugly thing (17 damage)
             ... on level 11 of the Dungeon.
             The game lasted 00:28:08 (19297 turns).

vurker the Zephyrmancer (Tengu Air Elementalist)   Turns: 19297, Time: 00:28:09

Health: -13/73     AC: 10    Str:  9    XL:     12   Next: 56%
Magic:  7/27       EV: 14    Int: 20    God:    Vehumet [****..]
Gold:   396        SH:  5    Dex: 15    Spells: 22/32 levels left

rFire    + . .     SeeInvis .   n - +2 dagger (venom)
rCold    . . .     Gourm    .   B - +0 buckler
rNeg     + . .     Faith    .   x - +3 leather armour {rF+}
rPois    .         Spirit   .   (helmet restricted)
rElec    .         Reflect  .   h - +1 cloak
rCorr    .         Harm     .   i - +1 pair of gloves
MR       ++++.     Clarity  +   (boots unavailable)
Stlth    ++........             H - amulet of the Four Winds {rN+ MR+++ Clar}
HPRegen  0.22/turn              w - ring of wizardry
MPRegen  0.20/turn              C - ring of protection from magic

@: flying quickly and evasively, quick
A: beak, talons 3, able to fly
a: Stop Flying, Renounce Religion


You were on level 11 of the Dungeon.
You worshipped Vehumet.
Vehumet was greatly pleased with you.
You were near starving.

You visited 2 branches of the dungeon, and saw 13 of its levels.
You also visited: Gauntlet.

You collected 711 gold pieces.
You spent 315 gold pieces at shops.

Inventory:

Hand Weapons
 n - a +2 dagger of venom (weapon)
   (You took it off a kobold on level 3 of the Dungeon)
Missiles
 j - 2 throwing nets (quivered)
Armour
 h - a +1 cloak (worn)
   (You found it on level 8 of the Dungeon)
 i - a +1 pair of gloves (worn)
   (You found it on level 2 of the Dungeon)
 x - a +3 leather armour of fire resistance (worn)
   (You took it off Eustachio on level 6 of the Dungeon)
 B - a +0 buckler (worn)
   (You found it on level 7 of the Dungeon)
 I - a scarf of harm
   (You found it on level 12 of the Dungeon)
Jewellery
 w - a ring of wizardry (left hand)
   (You found it on level 3 of the Dungeon)
 C - a ring of protection from magic (right hand)
   (You found it on level 8 of the Dungeon)
 H - the amulet of the Four Winds (around neck) {rN+ MR+++ Clar}
   (You found it on level 12 of the Dungeon)

   [amulet of nothing]

   It protects you from negative energy.
   It affects your resistance to hostile enchantments.
   It protects you against confusion.
Wands
 t - a wand of flame (22)
   (You found it on level 10 of the Dungeon)
 u - a wand of paralysis (14)
   (You took it off Ijyb on level 5 of the Dungeon)
Scrolls
 b - 3 scrolls of enchant armour
 d - 2 scrolls of noise {unknown}
 g - 11 scrolls of teleportation
 l - 4 scrolls of fear
 v - 4 scrolls of remove curse
 y - 2 scrolls of amnesia {unknown}
 z - a scroll of immolation {unknown}
 D - 4 scrolls of enchant weapon
 E - a scroll of blinking
 F - 6 scrolls of fog
 J - 2 scrolls of identify
Potions
 a - 2 potions of resistance
 c - a potion of magic {unknown}
 f - 2 potions of haste
 k - 2 potions of mutation
 m - 5 potions of lignification
 o - a potion of ambrosia
 p - 5 potions of curing
 q - 3 potions of cancellation
 r - 3 potions of brilliance
 s - 3 potions of heal wounds
 G - a potion of invisibility
Comestibles
 e - 9 rations


   Skills:
 + Level 8.0 Fighting
 - Level 2.1 Dodging
 - Level 2.0 Stealth
 - Level 4.0 Shields
 * Level 10.8 Spellcasting
 + Level 10.6 Conjurations
 * Level 14.8 Air Magic


You had 22 spell levels left.
You knew the following spells:

 Your Spells              Type           Power        Failure   Level  Hunger
a - Shock                 Conj/Air       ####         1%          1    None
b - Lightning Bolt        Conj/Air       ######....   1%          5    ####...
c - Airstrike             Air            ######....   1%          4    ##.....

Your spell library contained the following spells:

 Spells                   Type           Power        Failure   Level  Hunger
 Ignite Poison            Fire/Tmut/Pois ##......     3%          3    None
 Foxfire                  Conj/Fire      ####         1%          1    None
 Sandblast                Erth           ##....       1%          1    None
 Swiftness                Chrm/Air       #####...     1%          2    None
 Conjure Flame            Conj/Fire      ####....     1%          3    None
 Static Discharge         Conj/Air       ######..     1%          3    None
 Sticky Flame             Conj/Fire      ####....     1%          4    ##.....
 Inner Flame              Hex/Fire       ##......     3%          3    None
 Fireball                 Conj/Fire      ####......   3%          5    ####...
 Bolt of Magma            Conj/Fire/Erth ###.......   7%          5    ####...
 Confusing Touch          Hex            ##......     11%         3    None
 Yara's Violent Unravell  Hex/Tmut       ##........   24%         5    ####...
 Statue Form              Tmut/Erth      ##.......    99%         6    ######.


Dungeon Overview and Level Annotations

Branches:
Dungeon (12/15)            Temple (1/1) D:4            Lair (0/6) D:9
    Orc (0/2) D:12        Gauntlet (visited)

Altars:
Ashenzari
Cheibriados
Dithmenos
Elyvilon
Fedhas
Gozag
Hepliaklqana
Kikubaaqudgha
Makhleb
Nemelex Xobeh
Okawaru
Qazlal
Ru
Sif Muna
Trog
Uskayaw
Vehumet
Wu Jian
Xom
Yredelemnul
Zin
The Shining One

Shops:
D:5 [   D:9 *

Annotations:
D:9 3 runed translucent doors, p0werm0de's ghost, novice DDFi


Innate Abilities, Weirdness & Mutations

You have a beak for a mouth.
You have claws for feet.
You can fly continuously.


Message History

The cyan ugly thing resists.
You feel sick. The killer bee misses you. The killer bee stings you.
* * * LOW HITPOINT WARNING * * *
You are more poisoned.
The killer bee poisons you! The killer bee barely misses you.
You block the killer bee's attack.
Aim: a cyan ugly thing (moderately wounded)
You hear a mighty clap of thunder!
The bolt of lightning hits the killer bee!!
You kill the killer bee!
Vehumet accepts your kill.
The bolt of lightning misses the killer bee. x2
The bolt of lightning hits the cyan ugly thing.
The cyan ugly thing resists.
You are near starving!
You feel sick. The killer bee closely misses you. The killer bee stings you.
* * * LOW HITPOINT WARNING * * *
You are more poisoned.
The killer bee poisons you! The killer bee completely misses you.
Unknown command.
You feel better. The killer bee closely misses you. x2
The killer bee barely misses you. The killer bee stings you.
* * * LOW HITPOINT WARNING * * *
Aim: a cyan ugly thing (moderately wounded)
You hear a mighty clap of thunder!
The bolt of lightning hits the killer bee!!
You kill the killer bee!
Vehumet accepts your kill.
The bolt of lightning hits the killer bee!!
You kill the killer bee!
Vehumet accepts your kill.
You feel your power returning.
The bolt of lightning misses the cyan ugly thing.
The bolt of lightning hits the two-headed ogre!
The killer bee barely misses you. You block the killer bee's attack.
You don't know that spell.
Unknown command.
Aim: a killer bee The air twists around and violently strikes the killer bee!!
You kill the killer bee!
Vehumet accepts your kill. The cyan ugly thing tentacle-slaps you!
* * * LOW HITPOINT WARNING * * *
The cyan ugly thing shocks you!
* * * LOW HITPOINT WARNING * * *
Aim: a cyan ugly thing (lightly wounded, chance to defeat MR: 28%)
The cyan ugly thing easily resists.
The cyan ugly thing tentacle-slaps you.
* * * LOW HITPOINT WARNING * * *
The cyan ugly thing shocks you!
You die...

##### # ##...## ##
##.....#########################.
.................................
#.....(.##........##############.
#.......##........# #.
.#.....######.##@## ########.
....(...# #.##u########........
.....(..## #.##.O†.....#........
#........# ##.#########..........
##....$#.###..#######..##O.......
)......................y........[
####...........##..##..##.y......
#.......................<(...[
#####.?......####.#.##.....#..


You could see a cyan ugly thing and a two-headed ogre.

Vanquished Creatures
  A fire dragon (D:11)
  2 hydras (D:11)
  A centaur warrior (D:11)
  2 two-headed ogres
  2 ugly things
  A manticore (D:11)
  2 cyclopes (D:11)
  An efreet (D:11)
  A kobold demonologist (D:12)
  2 trolls
  2 hornets
  Grinder (D:4)
  5 hippogriffs
  2 wyverns
  A spriggan (D:7)
  2 shadows
  Eustachio (D:6)
  3 steam dragons
  2 hungry ghosts (D:12)
  A warg (D:12)
  An acid dragon (D:11)
  A water moccasin (D:7)
  9 orc warriors
  7 ice beasts
  4 phantoms
  2 sky beasts (D:12)
  3 eyes of draining (D:11)
  2 necrophages
  10 centaurs
  7 ogres
  2 crocodiles
  Blork the orc (D:6)
  2 big kobolds (D:12)
  8 bullfrogs
  A gnoll sergeant (D:9)
  2 scorpions
  5 howler monkeys
  An oklob sapling (D:4)
  12 killer bees
  An electric eel (D:12)
  2 crimson imps
  3 hounds
  A jelly (D:8)
  3 centaur zombies
  A bullfrog zombie (D:6)
  5 orc priests
  7 orc wizards
  4 bullfrog skeletons
  3 centaur skeletons
  6 iguanas
  Ijyb (D:5)
  Natasha (thrice) (D:4)
  9 worker ants
  2 hound zombies (D:5)
  A worker ant zombie (D:7)
  Robin (D:4)
  17 adders
  7 gnolls
  2 shadow imps
  6 oozes
  An adder zombie (D:10)
  4 adder skeletons
  6 worms
  3 dart slugs (D:1)
  6 leopard geckos
  29 orcs
  12 bats
  7 giant cockroaches
  16 goblins
  14 hobgoblins
  15 jackals
  17 kobolds
  4 quokkas
  2 ball pythons
  6 frilled lizards
  A jackal skeleton (D:9)
  A jackal zombie (D:6)
  A quokka zombie (D:5)
  6 rats
  A plant (D:4)
352 creatures vanquished.

Notes
Turn   | Place    | Note
-------+----------+-------------------------------------------
     0 | D:1      | vurker the Tengu Air Elementalist began the quest for the
                  | Orb.
     0 | D:1      | Reached XP level 1. HP: 10/10 MP: 4/4
   166 | D:1      | Reached XP level 2. HP: 15/15 MP: 1/6
   381 | D:1      | Reached XP level 3. HP: 11/20 MP: 0/7
   982 | D:2      | Reached skill level 1 in Fighting
  1171 | D:2      | Reached XP level 4. HP: 19/25 MP: 0/9
  1404 | D:2      | Reached skill level 5 in Air Magic
  1935 | D:2      | Noticed a phantom
  1966 | D:2      | Killed a phantom
  1966 | D:2      | Gained mutation: You can fly continuously. [Tengu growth]
  1966 | D:2      | Reached XP level 5. HP: 23/30 MP: 0/11
  2434 | D:3      | Learned a level 5 spell: Lightning Bolt
  2439 | D:3      | Learned a level 4 spell: Airstrike
  2597 | D:3      | Reached XP level 6. HP: 35/35 MP: 6/12
  2847 | D:3      | Reached skill level 6 in Air Magic
  3285 | D:3      | You fall into a shaft and drop 2 floors!
  3285 | D:5      | Entered Level 5 of the Dungeon
  3418 | D:4      | Found an iron altar of Okawaru.
  3662 | D:4      | Reached XP level 7. HP: 19/40 MP: 5/14
  4388 | D:4      | Noticed Robin
  4536 | D:4      | Found a staircase to the Ecumenical Temple.
  4635 | Temple   | Entered the Ecumenical Temple
  4744 | Temple   | Became a worshipper of Vehumet
  4892 | D:4      | Noticed Natasha
  4897 | D:4      | Killed Natasha
  4897 | D:4      | Reached skill level 7 in Air Magic
  5185 | D:4      | Noticed Grinder
  5191 | D:4      | Killed Grinder
  5341 | D:4      | Noticed Natasha
  5348 | D:4      | Killed Natasha
  5348 | D:4      | Noticed Natasha
  5351 | D:4      | Killed Natasha
  5483 | D:4      | Reached skill level 5 in Spellcasting
  5483 | D:4      | Reached XP level 8. HP: 35/46 MP: 1/16
  5742 | D:4      | Killed Robin
  5869 | D:5      | Reached skill level 8 in Air Magic
  5945 | D:5      | Reached skill level 5 in Conjurations
  6097 | D:5      | Reached * piety under Vehumet
  6097 | D:5      | Offered knowledge of Freeze by Vehumet.
  7067 | D:5      | Reached skill level 9 in Air Magic
  7140 | D:5      | Found Xenkemam's Armour Shoppe.
  7441 | D:5      | Noticed Ijyb
  7443 | D:5      | Killed Ijyb
  7509 | D:6      | Reached XP level 9. HP: 52/52 MP: 13/19
  8098 | D:6      | Noticed Eustachio
  8273 | D:6      | Killed Eustachio
  8273 | D:6      | Reached skill level 10 in Air Magic
  8607 | D:6      | Noticed Blork the orc
  8611 | D:6      | Killed Blork the orc
  8621 | D:6      | Offered knowledge of Sandblast by Vehumet.
  8912 | D:6      | Found an opulent altar of Gozag.
  9069 | D:7      | Reached ** piety under Vehumet
  9252 | D:7      | Reached skill level 5 in Fighting
  9735 | D:7      | Reached skill level 11 in Air Magic
  9735 | D:7      | Reached XP level 10. HP: 51/59 MP: 9/22
 10487 | D:7      | Found a sparkling altar of Nemelex Xobeh.
 10688 | D:8      | Reached skill level 1 in Shields
 11110 | D:8      | Offered knowledge of Conjure Flame by Vehumet.
 11708 | D:8      | Reached *** piety under Vehumet
 12105 | D:9      | Found Woenischo's General Store.
 12248 | D:9      | Bought a scroll of blinking for 75 gold pieces
 12248 | D:9      | Bought a scroll of identify for 20 gold pieces
 12248 | D:9      | Bought a potion of resistance for 100 gold pieces
 12248 | D:9      | Bought a potion of invisibility for 80 gold pieces
 12248 | D:9      | Bought a potion of might for 40 gold pieces
 12300 | D:9      | Found a runed translucent gate.
 12300 | D:9      | Found a runed translucent gate.
 12300 | D:9      | Found a runed translucent gate.
 12307 | D:9      | Noticed p0werm0de's ghost (novice DDFi)
 12501 | D:9      | Reached skill level 12 in Air Magic
 12805 | D:9      | Found a staircase to the Lair.
 12930 | D:9      | Offered knowledge of Inner Flame by Vehumet.
 13173 | D:10     | Entered Level 10 of the Dungeon
 13425 | D:10     | Reached XP level 11. HP: 38/64 MP: 8/24
 14144 | D:10     | Noticed a two-headed ogre
 14172 | D:10     | HP: 2/66 [two-headed ogre/+0 giant spiked club (21)]
 14201 | D:10     | Killed a two-headed ogre
 14772 | D:11     | Identified Juedaar's Almanac of Stones and Curses
 14824 | D:11     | Noticed a manticore
 14827 | D:11     | Killed a manticore
 14913 | D:11     | Noticed a two-headed ogre
 14918 | D:11     | Killed a two-headed ogre
 14918 | D:11     | Reached skill level 13 in Air Magic
 14948 | D:11     | Reached **** piety under Vehumet
 14968 | D:11     | Noticed a cyclops
 14976 | D:11     | Killed a cyclops
 14987 | D:11     | Noticed a cyclops
 15138 | D:11     | Noticed a centaur warrior
 15147 | D:12     | Found the amulet of the Four Winds {rN+ MR+++ Clar}
 15148 | D:12     | Noticed a green ugly thing
 15424 | D:12     | Found a stormy altar of Qazlal.
 15453 | D:12     | Found a gate leading to a gauntlet.
 15464 | D:12     | Offered knowledge of Ignite Poison by Vehumet.
 15466 | Gauntlet | Entered a Gauntlet
 15466 | Gauntlet | Found a transporter.
 15507 | Gauntlet | Found a transporter.
 15511 | Gauntlet | Found a transporter.
 15517 | Gauntlet | Noticed a soul eater
 15522 | Gauntlet | Found a transporter.
 15523 | Gauntlet | Found a transporter.
 15525 | Gauntlet | Noticed a death scarab
 15528 | Gauntlet | Noticed a spectral death yak
 15529 | Gauntlet | Noticed a death scarab
 15531 | Gauntlet | Found a transporter.
 15535 | Gauntlet | Found a transporter.
 15543 | Gauntlet | Found a transporter.
 15547 | Gauntlet | Found a transporter.
 15551 | Gauntlet | Noticed a hell hog
 15555 | Gauntlet | Found a transporter.
 15588 | Gauntlet | Found a transporter.
 15600 | Gauntlet | Found a transporter.
 15609 | Gauntlet | Noticed a spectral catoblepas
 15612 | Gauntlet | Found a transporter.
 15624 | Gauntlet | Found a transporter.
 16083 | D:11     | Noticed a four-headed hydra
 16088 | D:11     | Killed a four-headed hydra
 16821 | D:11     | Killed a centaur warrior
 16821 | D:11     | Reached skill level 10 in Spellcasting
 16825 | D:11     | Noticed a two-headed ogre
 17103 | D:12     | Reached XP level 12. HP: 56/72 MP: 8/27
 17302 | D:12     | Found a staircase to the Orcish Mines.
 17352 | D:12     | Reached skill level 14 in Air Magic
 17355 | D:12     | Reached skill level 10 in Conjurations
 18132 | D:11     | Noticed an eight-headed hydra
 18566 | D:11     | Noticed a fire dragon
 18571 | D:11     | Killed a fire dragon
 18802 | D:11     | Killed an eight-headed hydra
 19297 | D:11     | Mangled by a cyan ugly thing

Illustrated notes

Levels and vault maps discovered:
D:1:      dpeg_arrival_leaves_temple_mockup, layout_rooms
D:2:      layout_basic
D:3:      layout_basic, minmay_randomly_rotated_circles
D:4:      corexii_shack_village, layout_loops_corners,
          minmay_temple_entry_oklob, first_ration, okawaru_gym_becter,
          uniq_grinder, uniq_robin, uniq_natasha
D:5:      minmay_angry_zag, layout_basic, serial_shops, shop,
          nicolae_ossuary_entry_plus, uniq_ijyb
D:6:      layout_loops_cross, grunt_gozag_statues, uniq_eustachio,
          uniq_blork_the_orc
D:7:      layout_basic, the_bakery, st_stairs_1, nemelex_dance_club_becter
D:8:      layout_loops_ring
D:9:      kennysheep_steamy, layout_long_grid, lair_entry_dummy,
          gammafunk_ghost_spectres, serial_shops, shop, serial_bayou_pond_d
D:10:     layout_long_grid
D:11:     minmay_the_grid_triangle_9x9_rhombus_full_mashed
          [minmay_the_grid_triangle_9x9_checkered,
          minmay_the_grid_triangle_9x9_flanged_cone,
          minmay_the_grid_triangle_9x9_skeleton,
          minmay_the_grid_triangle_9x9_longest,
          minmay_the_grid_triangle_9x9_pentomino_pain,
          minmay_the_grid_triangle_9x9_warning,
          minmay_the_grid_triangle_9x9_descending_squares,
          minmay_the_grid_triangle_9x9_prize_center], layout_rooms,
          nrook_mini_vaults
D:12:     layout_rooms, david_orc_1_choice, serial_bayou, serial_bayou_pond_a,
          serial_bayou_shore_b, serial_bayou_pond_a, serial_bayou_pond_d,
          gauntlet_entry_generic, grunt_qazlal_sundering
Temple:   kilobyte_greek_temple

Skill      XL: |  1  2  3  4  5  6  7  8  9 10 11 12 |
---------------+-------------------------------------+-----
Conjurations   | 2 3 4 5 7 8 9 10 | 10.6
Fighting       | 1 2 3 4 5 6 7 8 |  8.0
Air Magic      | 5 6 7 9 11 12 13 14 | 14.8
Spellcasting   | 3 4 5 6 7 8 10 | 10.8
Shields        | 3 4 |  4.0
Dodging        | |  2.1
Stealth        | |  2.0

Action                   |  1- 3 |  4- 6 |  7- 9 | 10-12 || total
-------------------------+-------+-------+-------+-------++-------
Melee: Unarmed           |    22 |    10 |       |       ||    32
       Kick              |     3 |     5 |    20 |     6 ||    34
       Peck              |     2 |     2 |    14 |     3 ||    21
       Short sword       |       |     1 |       |       ||     1
       Dagger            |       |       |    43 |    11 ||    54
 Cast: Shock             |    67 |   164 |   242 |   319 ||   792
       Airstrike         |       |       |    49 |   185 ||   234
       Lightning Bolt    |       |       |       |    11 ||    11
 Abil: Fly               |       |       |       |     1 ||     1
Evoke: Wand              |       |       |       |    17 ||    17
  Use: Scroll            |       |       |    10 |    10 ||    20
       Potion            |       |       |       |     1 ||     1
 Stab: Paralysed         |       |       |       |     7 ||     7
  Eat: Chunk             |     1 |     8 |    22 |    27 ||    58
       Ration            |       |       |     1 |     4 ||     5
Armor: Robe              |     5 |     3 |    23 |       ||    31
       Leather armour    |       |       |     9 |    57 ||    66
Dodge: Dodged            |    14 |    17 |    91 |    99 ||   221
Block: Buckler           |       |       |       |    29 ||    29

Table legend:
 A = Non-vault XP
 B = Vault XP
 C = Vault XP percentage of total XP
 D = Non-vault monster count
 E = Vault monster count
 F = Vault count percentage of total count
                 A         B        C        D         E       F
            +---------+---------+-------+---------+---------+-------
      Total |   15898 |   10135 |  38.9 |     277 |      74 |  21.1
            +---------+---------+-------+---------+---------+-------
        D:1 |      51 |       0 |   0.0 |      23 |       0 |   0.0
        D:2 |     224 |       0 |   0.0 |      29 |       0 |   0.0
        D:3 |     114 |      28 |  19.7 |      26 |       9 |  25.7
        D:4 |     368 |     400 |  52.1 |      18 |      18 |  50.0
        D:5 |     924 |     180 |  16.3 |      28 |       6 |  17.6
        D:6 |     992 |     302 |  23.3 |      18 |       2 |  10.0
        D:7 |    1654 |     453 |  21.5 |      30 |       5 |  14.3
        D:8 |    1514 |       0 |   0.0 |      25 |       0 |   0.0
        D:9 |     636 |     367 |  36.6 |      17 |       2 |  10.5
       D:10 |    2967 |     614 |  17.1 |      24 |       1 |   4.0
       D:11 |    2631 |    7082 |  72.9 |      14 |      22 |  61.1
       D:12 |    3823 |     709 |  15.6 |      25 |       9 |  26.5
            +---------+---------+-------+---------+---------+-------
